 Dungeon Crawl Stone Soup version 0.20-a0-957-g47ad1fd (webtiles) character file.

9936 AlphabetPasta the Artisan of Death (level 11, -7/63 HPs)
             Began as a Kobold Necromancer on Apr 4, 2017.
             Was a Priest of Kikubaaqudgha.
             Mangled by a manticore (19 damage)
             ... on level 12 of the Dungeon.
             The game lasted 01:46:10 (13210 turns).

AlphabetPasta the Artisan of Death (KoNe)          Turns: 13210, Time: 01:46:11

Health: -7/63      AC:  8    Str:  6    XL:     11   Next: 83%
Magic:  16/22      EV: 21    Int: 20    God:    Kikubaaqudgha [***...]
Gold:   257        SH:  0    Dex: 15    Spells: 1/24 levels left

rFire    . . .     SeeInvis .   b - +0 arbalest (chaos)
rCold    . . .     Gourm    .   (shield currently unavailable)
rNeg     . . .     Faith    .   k - +1 robe
rPois    +         Spirit   .   (no helmet)
rElec    .         Reflect  .   (no cloak)
rCorr    .         Harm     .   n - +1 pair of gloves {archery}
MR       .....                  (no boots)
Stlth    ++++......             (no amulet)
Regen    0.2/turn               G - ring of poison resistance
MPRegen  0.2/turn               J - +3 ring of protection

@: barbed spikes
A: carnivore 3
a: Receive Corpses, Renounce Religion


You were on level 12 of the Dungeon.
You worshipped Kikubaaqudgha.
Kikubaaqudgha was most pleased with you.
You were completely stuffed.

You visited 2 branches of the dungeon, and saw 13 of its levels.

You collected 585 gold pieces.
You spent 328 gold pieces at shops.

Inventory:

Hand Weapons
 a - a +1 dagger
 b - a +0 arbalest of chaos (weapon)
 c - a +0 rapier
Missiles
 h - 15 bolts (quivered)
Armour
 k - a +1 robe (worn)
 n - a +1 pair of gloves of archery (worn)
Jewellery
 i - an uncursed ring of protection from cold
 u - an uncursed ring of protection from fire
 G - a ring of poison resistance (left hand)
 J - a +3 ring of protection (right hand)
Wands
 r - a wand of lightning (0/15)
 v - a wand of clouds (4/9)
 w - a wand of digging (12/24)
 A - a wand of random effects (27/48)
Scrolls
 d - 4 scrolls of enchant armour
 j - a scroll of magic mapping
 s - a scroll of enchant weapon
 y - a scroll of fog
 B - 5 scrolls of remove curse
 C - a scroll of amnesia
 D - a scroll of blinking
 F - a scroll of teleportation
 H - a scroll of fear
 I - a scroll of identify
Potions
 e - 2 potions of flight
 f - 2 potions of berserk rage
 g - a potion of curing
 l - a potion of brilliance
 m - a potion of magic
 o - 2 potions of agility
 q - a potion of cancellation
 z - 2 potions of haste
Books
 K - Kikubaaqudgha's Almanac of Darkness
   (Kikubaaqudgha gifted it to you on level 11 of the Dungeon)

   Spells                             Type                      Level
   a - Animate Dead                   Necromancy                   4
   b - Excruciating Wounds            Charms/Necromancy            5
   c - Bolt of Draining               Conjuration/Necromancy       5
   d - Dispel Undead                  Necromancy                   5
   e - Death Channel                  Necromancy                   6
Comestibles
 p - 4 chunks of flesh
 t - 7 royal jellies
 x - 4 meat rations


   Skills:
 - Level 5.0 Fighting
 - Level 7.2 Short Blades
 + Level 5.1 Crossbows
 + Level 8.7 Dodging
 - Level 8.0 Stealth
 + Level 7.3 Spellcasting
 + Level 1.5 Hexes
 * Level 10.4 Necromancy
 + Level 5.6 Evocations


You had one spell level left.
You knew the following spells:

 Your Spells              Type           Power        Failure   Level  Hunger
a - Pain                  Necr           ####         1%          1    None
b - Animate Skeleton      Necr           N/A          1%          1    None
c - Vampiric Draining     Necr           #####.....   1%          3    #......
d - Regeneration          Chrm/Necr      ####......   3%          3    #......
e - Animate Dead          Necr           N/A          1%          4    ###....
f - Control Undead        Necr           #####.....   1%          4    ###....
g - Corpse Rot            Necr           N/A          1%          2    None
h - Sublimation of Blood  Necr           #####.....   1%          2    None
i - Confuse               Hex            ##......     17%         3    #......


Dungeon Overview and Level Annotations

Branches:
Dungeon (12/15)            Temple (1/1) D:6            Lair (0/6) D:9
    Orc (0/2) D:11

Altars:
Ashenzari
Cheibriados
Dithmenos
Elyvilon
Fedhas
Gozag
Hepliaklqana
Kikubaaqudgha
Makhleb
Nemelex Xobeh
Okawaru
Qazlal
Ru
Sif Muna
Trog
Uskayaw
Vehumet
Wu Jian
Xom
Yredelemnul
Zin
The Shining One

Shops:
D:7 ?   D:9 *


Innate Abilities, Weirdness & Mutations

You are small and have problems with some larger weapons.
You are carnivorous and can eat meat at any time.


Message History

* * * LOW HITPOINT WARNING * * *
Unknown command.
You feel better. Something closely misses you. Something claws you.
* * * LOW HITPOINT WARNING * * *
Something barely misses you.
Casting: Animate Skeleton
Confirm with . or Enter, or press ? or * to list all spells.
Aiming: Vampiric Draining
Press: ? - help, Shift-Dir - straight line You feel life coursing into your body.
Something bites you.
* * * LOW HITPOINT WARNING * * *
Something barely misses you. Something claws you.
* * * LOW HITPOINT WARNING * * *
Casting: Vampiric Draining
Confirm with . or Enter, or press ? or * to list all spells.
Aiming: Vampiric Draining
Press: ? - help, Shift-Dir - straight line You feel life coursing into your body.
Something bites you!!
You die...
Kikubaaqudgha rasps: "You have failed me!
Welcome... death!"

####### #.....#
#.....#
######.....#######
#>...Z............
#@####.....#######
#.# #.....# #(#
#.....# #(#
####### #.# #.#
#$# #(#


You could see a friendly orc warrior skeleton.

Vanquished Creatures
  A two-headed ogre (D:9)
  A deep elf mage (D:12)
  Joseph (D:8)
  2 trolls
  A wyvern (D:11)
  A human (D:6)
  5 yaks
  Grum (D:11)
  A hungry ghost (D:9)
  3 hogs
  A soldier ant (D:11)
  A naga (D:7)
  A water moccasin (D:6)
  7 orc warriors
  A phantom (D:11)
  2 sky beasts
  3 ice beasts
  A necrophage (D:6)
  9 ogres
  3 wolves
  3 centaurs
  4 big kobolds
  3 bullfrogs
  2 gnoll sergeants
  A scorpion (D:4)
  7 wights
  3 killer bees (D:5)
  5 crimson imps
  3 jellies
  A quasit (D:12)
  3 centaur zombies
  2 hounds
  9 orc priests
  9 orc wizards
  3 bullfrog skeletons
  A centaur skeleton (D:6)
  An iguana (D:6)
  Jessica (D:2)
  Natasha (twice) (D:2)
  9 worker ants
  A killer bee zombie (D:8)
  A hound skeleton (D:5)
  A gnoll (D:10)
  12 adders
  A howler monkey skeleton (D:5)
  A shadow imp (D:10)
  2 oozes
  2 adder zombies (D:9)
  An adder skeleton (D:6)
  A worm (D:3)
  4 leopard geckos
  55 orcs
  5 giant cockroaches
  10 goblins
  15 hobgoblins
  4 jackals (D:4)
  2 quokkas
  3 ball pythons
  A ball python skeleton (D:4)
  3 bats
  11 frilled lizards
  8 kobolds
  5 rats
267 creatures vanquished.

Vanquished Creatures (collateral kills)
  A centaur zombie (D:11)
  2 ogres
  2 bullfrogs
  2 killer bees (D:5)
  3 wights (D:9)
  An orc priest (D:6)
  An iguana (D:8)
  Natasha (D:2)
  A shadow imp (D:11)
  An ooze (D:3)
  A leopard gecko (D:5)
  2 orcs
  A goblin (D:3)
  A hobgoblin (D:1)
  A kobold (D:2)
  A quokka (D:1)
  2 frilled lizards (D:3)
24 creatures vanquished.

Grand Total: 291 creatures vanquished

Notes
Turn   | Place    | Note
-------+----------+-------------------------------------------
     0 | D:1      | AlphabetPasta the Kobold Necromancer began the quest for the Orb.
     0 | D:1      | Reached XP level 1. HP: 10/10 MP: 3/3
    31 | D:1      | Learned a level 1 spell: Animate Skeleton
   158 | D:1      | Reached XP level 2. HP: 10/16 MP: 0/5
   375 | D:1      | Reached skill level 1 in Fighting
   809 | D:2      | Found an opulent altar of Gozag.
   844 | D:2      | Reached skill level 1 in Short Blades
   844 | D:2      | Reached XP level 3. HP: 17/20 MP: 2/6
   852 | D:2      | Learned a level 3 spell: Vampiric Draining
  1115 | D:2      | Noticed Natasha
  1125 | D:2      | Killed Natasha
  1125 | D:2      | Reached XP level 4. HP: 10/25 MP: 0/8
  1244 | D:2      | Learned a level 3 spell: Regeneration
  1369 | D:2      | Upgraded the game from 0.20-a0-949-g916514f to 0.20-a0-956-gcdeeb85
  1585 | D:2      | Noticed Natasha
  1596 | D:2      | Killed Natasha
  1596 | D:2      | Reached XP level 5. HP: 6/30 MP: 1/9
  1695 | D:2      | Noticed Jessica
  1703 | D:2      | Killed Jessica
  1810 | D:2      | Noticed Natasha
  1820 | D:2      | Killed Natasha
  2205 | D:3      | Reached skill level 5 in Necromancy
  2432 | D:3      | Reached XP level 6. HP: 35/35 MP: 10/10
  2616 | D:3      | Found a sacrificial altar of Ru.
  2616 | D:3      | Found an iron altar of Okawaru.
  3006 | D:3      | Found a blossoming altar of Fedhas.
  3211 | D:4      | Learned a level 3 spell: Regeneration
  3268 | D:4      | Found a burning altar of Makhleb.
  3716 | D:4      | Reached XP level 7. HP: 38/40 MP: 11/11
  3722 | D:4      | Learned a level 4 spell: Animate Dead
  4298 | D:5      | Entered Level 5 of the Dungeon
  4608 | D:5      | Reached skill level 1 in Crossbows
  4608 | D:5      | Reached skill level 1 in Evocations
  4902 | D:6      | Reached skill level 6 in Necromancy
  4902 | D:6      | Reached XP level 8. HP: 41/45 MP: 7/13
  4914 | D:6      | Found a staircase to the Ecumenical Temple.
  5255 | D:6      | Reached skill level 5 in Dodging
  5359 | D:5      | Reached XP level 9. HP: 44/51 MP: 12/15
  5440 | D:5      | Reached skill level 7 in Necromancy
  5444 | D:5      | Reached skill level 5 in Stealth
  5608 | Temple   | Entered the Ecumenical Temple
  5694 | Temple   | Became a worshipper of Kikubaaqudgha
  5904 | D:6      | Reached skill level 5 in Short Blades
  6503 | D:7      | Found a glowing golden altar of the Shining One.
  6607 | D:6      | Reached skill level 5 in Spellcasting
  6942 | D:7      | Reached skill level 8 in Necromancy
  7037 | D:7      | Learned a level 4 spell: Control Undead
  7249 | D:7      | Reached XP level 10. HP: 39/56 MP: 14/18
  7528 | D:7      | Found Onuat's Magic Scroll Shop.
  7539 | D:7      | Bought a scroll of remove curse for 48 gold pieces
  7539 | D:7      | Bought a scroll of recharging for 152 gold pieces
  7539 | D:7      | Bought a scroll of identify for 32 gold pieces
  7539 | D:7      | Bought a scroll of identify for 32 gold pieces
  7543 | D:7      | Bought a scroll of identify for 32 gold pieces
  7543 | D:7      | Bought a scroll of identify for 32 gold pieces
  7762 | D:8      | Reached * piety under Kikubaaqudgha
  7762 | D:8      | Identified Kikubaaqudgha's Catalogue of Darkness (Kikubaaqudgha gifted it to you on level 8 of the Dungeon)
  7762 | D:8      | Received a gift from Kikubaaqudgha
  7767 | D:8      | Learned a level 2 spell: Corpse Rot
  7770 | D:8      | Learned a level 2 spell: Sublimation of Blood
  7813 | D:8      | Reached skill level 5 in Crossbows
  8102 | D:8      | Noticed Joseph
  8768 | D:8      | Killed Joseph
  8815 | D:8      | Found a sparkling altar of Nemelex Xobeh.
  9133 | D:9      | Noticed a two-headed ogre
  9142 | D:9      | Killed a two-headed ogre
  9142 | D:9      | Reached skill level 9 in Necromancy
  9371 | D:9      | Found Zin's Purification Station.
  9374 | D:9      | Found a glowing silver altar of Zin.
  9596 | D:9      | Found a staircase to the Lair.
  9753 | D:9      | Reached skill level 5 in Fighting
 10012 | D:10     | Entered Level 10 of the Dungeon
 10079 | D:10     | Reached ** piety under Kikubaaqudgha
 10313 | D:9      | Reached XP level 11. HP: 49/63 MP: 13/20
 10806 | D:11     | Noticed Grum
 11515 | D:11     | Reached skill level 10 in Necromancy
 11647 | D:11     | Reached skill level 5 in Evocations
 11703 | D:11     | Learned a level 3 spell: Confuse
 11788 | D:11     | Killed Grum
 11871 | D:11     | Reached *** piety under Kikubaaqudgha
 11871 | D:11     | Identified Kikubaaqudgha's Almanac of Darkness (Kikubaaqudgha gifted it to you on level 11 of the Dungeon)
 11871 | D:11     | Received a gift from Kikubaaqudgha
 12047 | D:10     | Upgraded the game from 0.20-a0-956-gcdeeb85 to 0.20-a0-957-g47ad1fd
 12418 | D:10     | Reached skill level 1 in Hexes
 12676 | D:11     | Found a staircase to the Orcish Mines.
 12792 | D:12     | Noticed a deep elf mage
 12793 | D:12     | Killed a deep elf mage
 13200 | D:12     | Noticed a manticore
 13210 | D:12     | Mangled by a manticore

Vault maps used:
D:1:      ncdulo_smallfort
D:2:      cheibrodos_greedy_goblins, nicolae_gozag_seed_capital, uniq_jessica,
          uniq_natasha
D:3:      lemuel_coloured_pillars_altar, gammafunk_temple_overflow_elements,
          first_bread, minmay_lizard_king
D:4:      kennysheep_mini
D:6:      minmay_temple_entry_trees
D:7:      tso_metal_star, serial_shops, shop, grunt_livestock
D:8:      overflow_temple_1_default, serial_column_ruins, column_ruins_grid_1,
          column_ruins_open_tiny, column_ruins_grid_1, column_ruins_open_tiny,
          column_ruins_open_medium, uniq_joseph
D:9:      zin_purify, lair_entry_dummy
D:11:     kennysheep_orc_monster_closet_entryway, uniq_grum
Temple:   dpeg_chambers_temple

Skill      XL: |  1  2  3  4  5  6  7  8  9 10 11 |
---------------+----------------------------------+-----
Fighting       | 1 2 3 4 5 |  5.0
Short Blades   | 1 2 3 4 5 6 7 |  7.2
Stealth        | 3 4 5 6 8 |  8.0
Dodging        | 3 4 5 6 7 8 |  8.7
Necromancy     | 5 6 8 9 10 | 10.4
Spellcasting   | 3 4 5 6 7 |  7.3
Crossbows      | 1 3 4 5 |  5.1
Evocations     | 2 3 4 5 |  5.6
Hexes          | 1 |  1.5

Action                   |  1- 3 |  4- 6 |  7- 9 | 10-12 || total
-------------------------+-------+-------+-------+-------++-------
Melee: Unarmed           |     5 |       |       |       ||     5
       Dagger            |    36 |   264 |   307 |   534 ||  1141
       Rapier            |       |       |       |    20 ||    20
 Fire: Arbalest          |       |       |     5 |   115 ||   120
 Cast: Pain              |    35 |    65 |    90 |    61 ||   251
       Animate Skeleton  |    14 |    23 |    16 |    22 ||    75
       Vampiric Draining |       |    12 |    33 |    87 ||   132
       Regeneration      |       |     1 |     5 |     8 ||    14
       Animate Dead      |       |       |       |     6 ||     6
       Sublimation of Bl |       |       |       |     1 ||     1
Evoke: Wand              |       |       |     4 |     2 ||     6
  Use: Scroll            |     1 |    12 |     7 |     9 ||    29
       Potion            |       |       |     3 |     4 ||     7
 Stab: Sleeping          |     4 |     5 |     4 |     9 ||    22
       Distracted        |       |       |     2 |     1 ||     3
  Eat: Chunk             |     9 |    11 |    13 |    22 ||    55
Armor: Robe              |     9 |    25 |    40 |    58 ||   132
Dodge: Dodged            |    41 |   198 |   255 |   465 ||   959
